AoeStats
← 飞翔的圣光

Arena

510521654Analyzed
4v4 RM · 14h ago on Oct 1, 2026· 39m 11s· 8 players
Game mode
Random Map
Map size
Large (8 player)
Population
200
Speed
Normal
Resources
Standard
Victory
Conquest
Starting age
Dark Age
Ending age
Imperial Age
RankedLock teamsTeams togetherTeam positionsShared explorationLock speedFull tech treeHidden civsTurbo modeCheats
Victory
Defeat
🇹🇷 Hindustanis · Türkiye
1254
+11
🇨🇴 Persians · Colombia
1248
+12
🇲🇹 Dravidians · Malta
1180
+14
🇺🇸 Romans · United States
1110
+18
🇨🇳 Britons · China
1209
-16
🇨🇳 Persians · China
1176
-15
🇨🇳 Aztecs · China
1102
-12
🇨🇳 Franks · China
1100
-12
杨枝甘露
5:30 Loom
12:21 Feudal Age
13:16 Double-Bit Axe
16:11 Castle Age
15:16 Horse Collar
16:58 Heavy Plow
17:11 Bow Saw
18:17 Wheelbarrow
22:59 Hand Cart
24:29 Gold Mining
26:18 Stone Mining
28:53 Stone Shaft Mining
28:55 Gold Shaft Mining
31:22 Imperial Age
29:27 Forging
29:29 Scale Barding Armor
30:48 Bloodlines
30:39 Husbandry
31:15 Iron Casting
31:07 Elite War Elephant
33:06 Blast Furnace
32:28 Chain Barding Armor
32:42 Conscription
33:47 Chemistry
37:21 Citadels
拉拉车
6:21 Loom
10:28 Feudal Age
16:08 Castle Age
15:30 Double-Bit Axe
16:14 Stone Mining
18:09 Bow Saw
24:36 Gold Mining
25:25 Wheelbarrow
26:53 Hand Cart
30:37 Imperial Age
30:13 Scale Barding Armor
30:19 Forging
29:59 Fletching
30:25 Husbandry
31:20 Chain Barding Armor
32:56 Gold Shaft Mining
33:33 Cavalier
35:22 Fortified Wall
35:10 Murder Holes
35:35 Ballistics
36:16 Chemistry
36:45 Plate Barding Armor
35:38 Pikeman
36:04 Arson
36:20 Squires
飞翔的圣光
5:53 Loom
11:34 Feudal Age
14:30 Double-Bit Axe
17:00 Castle Age
15:57 Horse Collar
19:28 Bow Saw
24:27 Gold Mining
24:27 Stone Mining
25:12 Sanctity
25:57 Fervor
29:46 Stone Mining
31:29 Gold Shaft Mining
34:25 Imperial Age
32:30 Wheelbarrow
31:41 Town Watch
31:36 Pikeman
32:16 Squires
34:47 Scale Mail Armor
34:58 Forging
35:03 Heavy Plow
35:45 Garland Wars
35:51 Chain Mail Armor
35:26 Fletching
35:37 Padded Archer Armor
35:10 Capped Ram
37:04 Iron Casting
37:03 Plate Mail Armor
37:13 Redemption
37:19 Block Printing
37:06 Devotion
37:31 Illumination
37:41 Conscription
38:01 Stone Shaft Mining
_OMO_
10:37 Feudal Age
11:29 Double-Bit Axe
14:14 Castle Age
12:42 Horse Collar
16:08 Bow Saw
16:10 Loom
16:45 Gold Mining
16:59 Fletching
21:22 Bodkin Arrow
21:28 Padded Archer Armor
25:09 Wheelbarrow
33:14 Imperial Age
34:15 Gold Shaft Mining
33:43 Heavy Plow
33:46 Pikeman
34:28 Squires
35:30 Two-Man Saw
Faelian the Unsuccessful
6:53 Loom
10:13 Feudal Age
13:59 Castle Age
21:56 Stone Mining
21:59 Gold Mining
21:56 Double-Bit Axe
21:57 Horse Collar
23:16 Scale Mail Armor
23:52 Forging
23:55 Bow Saw
24:30 Gold Shaft Mining
23:53 Man-at-Arms
24:57 Squires
25:20 Chain Mail Armor
27:08 Wheelbarrow
26:19 Town Watch
26:26 Long Swordsman
26:27 Pikeman
28:52 Iron Casting
28:38 Heavy Plow
30:06 Hand Cart
29:52 Town Patrol
32:33 Imperial Age
31:31 Stone Mining
31:57 Fortified Wall
32:09 Masonry
33:14 Ballistics
32:50 Murder Holes
32:44 Heavy Scorpion
34:26 Blast Furnace
34:02 Conscription
34:24 Architecture
33:46 Halberdier
35:38 Ballistas
35:54 Comitatenses
35:44 Siege Engineers
37:23 Chemistry
36:49 Scale Barding Armor
37:38 Crop Rotation
37:27 Guilds
38:13 Chain Barding Armor
38:23 Conscription
38:49 Legionary
proxxi
11:10 Feudal Age
15:10 Castle Age
13:34 Double-Bit Axe
13:54 Horse Collar
16:43 Wheelbarrow
16:24 Bow Saw
22:20 Heavy Plow
22:07 Loom
29:21 Imperial Age
30:09 Thumb Ring
29:25 Elite Elephant Archer
30:18 Gold Mining
30:56 Padded Archer Armor
30:47 Fletching
32:10 Leather Archer Armor
32:32 Conscription
34:49 Chemistry
34:30 Hand Cart
35:34 Bodkin Arrow
35:58 Medical Corps
36:57 Bracer
39:50 Ring Archer Armor
oscaramba
10:08 Feudal Age
14:34 Castle Age
12:45 Double-Bit Axe
12:44 Horse Collar
19:58 Wheelbarrow
20:37 Bow Saw
21:06 Heavy Plow
26:04 Imperial Age
24:43 Fervor
24:34 Gold Mining
25:02 Hand Cart
25:37 Scale Barding Armor
25:42 Forging
25:48 Husbandry
25:59 Bloodlines
25:58 Cavalier
26:59 Chain Barding Armor
27:40 Loom
28:54 Town Watch
28:47 Savar
30:25 Plate Barding Armor
30:49 Iron Casting
30:49 Masonry
32:56 Chemistry
32:19 Ballistics
32:09 Capped Ram
34:08 Heavy Camel Rider
34:18 Siege Ram
36:12 Blast Furnace
39:03 Heavy Scorpion
sweetyboy
10:03 Feudal Age
10:10 Feudal Age
10:17 Feudal Age
16:21 Castle Age
14:15 Horse Collar
14:23 Double-Bit Axe
21:18 Loom
24:56 Fletching
28:04 Wheelbarrow
32:52 Pikeman
34:39 Forging
34:29 Scale Mail Armor
34:40 Forging
34:55 Bow Saw
34:46 Heavy Plow
Connection lost

Rejoining the realm…

Still unreachable

The connection could not be restored.

Session expired

The server has moved on; the page needs a fresh start.